 Dungeon Crawl Stone Soup version 0.16-a0-3505-g5b4553e (webtiles) character file.

170 Minkie the Sneak (level 5, 0/35 HPs)
             Began as a Vampire Enchanter on Jan 6, 2015.
             Hit by a stone thrown by a kobold (1 damage)
             ... on level 3 of the Dungeon.
             The game lasted 00:08:10 (3238 turns).

Minkie the Sneak (Vampire Enchanter)                Turns: 3238, Time: 00:08:10

Health: 0/35       AC:  5    Str:  7    XL:     5   Next: 25%
Magic:  2/9        EV: 12    Int: 18    God:
Gold:   107        SH:  0    Dex: 14    Spells: 3 memorised, 2 levels left

rFire  . . .     SeeInvis +     a - +1 dagger
rCold  + + .     Clarity  .     b - +1 robe
rNeg   + + +     SustAb   .     (no shield)
rPois  +         Gourm    .     o - +0 helmet
rElec  .         Spirit   .     h - +0 cloak
rCorr  .         Warding  .     (no gloves)
rMut   .         Stasis   .     (no boots)
MR     .....                    (no amulet)
Stlth  ++++......               (no ring)
                                (no ring)

@: very slightly contaminated, regenerating slowly, not resistant to hostile
enchantments, stealthy
A: bottle blood, fangs 3, see invisible, unbreathing
a: Bat Form


You were on level 3 of the Dungeon.
You were near bloodless.

You visited 1 branch of the dungeon, and saw 3 of its levels.

You collected 107 gold pieces.

Inventory:

Hand weapons
 a - a +1 dagger (weapon)
Armour
 b - a +1 robe (worn)
 h - a +0 cloak (worn)
 o - a +0 helmet (worn)
Scrolls
 e - a scroll of enchant weapon {unknown}
 g - 3 scrolls of enchant armour {unknown}
 i - a scroll of magic mapping {unknown}
 k - a scroll of teleportation {unknown}
 m - a scroll of recharging {unknown}
 r - a scroll of random uselessness {unknown}
 s - a scroll of noise {unknown}
 t - 2 scrolls of identify {unknown}
Potions
 d - 3 potions of blood
 f - a potion of might {unknown}
 j - a potion of invisibility {unknown}
 l - a potion of mutation {unknown}
 n - 2 potions of heal wounds {unknown}
 p - 2 potions of agility {unknown}
 q - a potion of curing {unknown}
Books
 c - a book of Maledictions

   Spells                             Type                      Level
   a - Corona                         Hexes                        1
   b - Sure Blade                     Hexes/Charms                 2
   c - Ensorcelled Hibernation        Hexes/Ice                    2
   d - Confuse                        Hexes                        3
   e - Dazzling Spray                 Conjuration/Hexes            3
   f - Enslavement                    Hexes                        4


   Skills:
 * Level 3.7 Short Blades
 - Level 2.1 Dodging
 + Level 5.8 Stealth
 - Level 2.0 Spellcasting
 + Level 5.5 Hexes
 + Level 1.7 Ice Magic


You had 2 spell levels left.
You knew the following spells:

 Your Spells              Type           Power        Failure   Level  Hunger
a - Corona                Hex            ###....      1%          1    #......
b - Ensorcelled Hibernat  Hex/Ice        ##....       8%          2    ###....
c - Confuse               Hex            ###.....     6%          3    ###....


Dungeon Overview and Level Annotations

Branches:
Dungeon (3/15)

Altars:
Cheibriados
Dithmenos
Makhleb
Okawaru
Sif Muna
The Shining One


Innate Abilities, Weirdness & Mutations

You heal slowly.
You can bottle blood from corpses.
You have razor-sharp teeth.
You have supernaturally acute eyesight.
You can survive without breathing.


Message History

You miscast Ensorcelled Hibernation.
You feel off-balance for a moment. The orc barely misses you.
The orc wizard gestures wildly while chanting.
The orc wizard blinks!
You hit the orc but do no damage. The orc closely misses you.
The orc wizard hits you but does no damage.
You blink.
The orc priest barely misses you.
You see here a bat corpse.
The orc completely misses you.
A kobold comes into view.
The orc priest mumbles some strange prayers to Beogh against you.
Pain shoots through your body!
* * * LOW HITPOINT WARNING * * *
The kobold throws a stone.
The stone hits you but does no damage.
You see here a stone.
The kobold hits you.
* * * LOW HITPOINT WARNING * * *
The kobold throws a stone.
The stone hits you.
You die...

#.. #.#####.##
#..##.#####.#
#.....o†....#####.
##.###.##.#...........
#......o..†.[......#.##
#..####.###..#.###.#..
#(# #..#.# #.#.#
#..####o###..#.###.#.#
#
#......K.@...........#
#
#.#####.###....#.....#
# #.# #..........# #
#.# #..###.....# #.#
#..# #.....# #.#
#..#####.#.# ...
...........#
######.###.#.#### .
#......####


You could see an orc and a kobold.

Vanquished Creatures
  The ghost of Minkie the Conjurer, an average TeCj (D:3)
  A hound (D:2)
  An adder (D:3)
  4 giant geckos
  2 oozes
  3 orcs (D:3)
  2 ball pythons
  3 bats
  2 giant cockroaches
  5 hobgoblins
  6 jackals
  5 quokkas
  6 giant newts
  6 goblins
  A kobold (D:1)
  4 rats
52 creatures vanquished.

Notes
Turn   | Place    | Note
--------------------------------------------------------------
     0 | D:1      | Minkie, the Vampire Enchanter, began the quest for the Orb.
     0 | D:1      | Reached XP level 1. HP: 13/13 MP: 3/3
   388 | D:1      | Reached XP level 2. HP: 19/19 MP: 4/4
   392 | D:1      | Learned a level 2 spell: Ensorcelled Hibernation
   478 | D:1      | You fall through a shaft!
   628 | D:2      | Found a snail-covered altar of Cheibriados.
  1331 | D:1      | Reached XP level 3. HP: 24/24 MP: 3/6
  1368 | D:1      | Learned a level 3 spell: Confuse
  1641 | D:1      | Reached skill level 5 in Stealth
  1870 | D:2      | Found a deep blue altar of Sif Muna.
  1934 | D:2      | Reached skill level 5 in Hexes
  2227 | D:2      | Found a burning altar of Makhleb.
  2230 | D:2      | Reached skill level 1 in Ice Magic
  2284 | D:2      | Found a glowing golden altar of the Shining One.
  2307 | D:2      | Reached XP level 4. HP: 30/30 MP: 4/7
  2510 | D:3      | Found a shadowy altar of Dithmenos.
  2589 | D:3      | Noticed Minkie's ghost (average TeCj)
  2592 | D:3      | Found an iron altar of Okawaru.
  2622 | D:3      | Killed Minkie's ghost
  2622 | D:3      | Reached XP level 5. HP: 12/35 MP: 3/9
  3237 | D:3      | HP: 1/35 [kobold (1)]
  3238 | D:3      | Hit by a stone thrown by a kobold

Action                   |  1- 3 |  4- 6 || total
-------------------------+-------+-------++-------
Melee: Dagger            |    79 |    54 ||   133
 Cast: Ensorcelled Hiber |    16 |     5 ||    21
       Confuse           |       |     2 ||     2
 Stab: Sleeping          |    18 |    13 ||    31
  Eat: Corpse            |     1 |       ||     1
